 Dungeon Crawl Stone Soup version 0.31-a0-986-g5e6e4ef867 (webtiles) character file.

Game seed: 6833081646526663538

594 monsoonserge the Ruffian (level 7, 0/78 HPs)
             Began as a Green Draconian Shapeshifter on Nov 19, 2023.
             Was a Believer of Elyvilon.
             Succumbed to a scorpion's poison
             ... on level 5 of the Dungeon.
             The game lasted 00:09:05 (3521 turns).

monsoonserge the Ruffian (DrSh)                     Turns: 3521, Time: 00:09:05

Health: 0/78       AC: 23    Str: 25    XL:     7   Next: 16%
Magic:  7/7        EV:  2    Int: 10    God:    Elyvilon [**....]
Gold:   223        SH:  0    Dex: 10    Spells: 6/6 levels left

rFire   . .          .
                       - Unarmed
rCold   . . .        (no shield)
rNeg    . . .        (body armour unavailable)
rPois   +            (helmet currently unavailable)
rElec   .            (cloak currently unavailable)
rCorr   .            (gloves currently unavailable)
SInv    .            (boots currently unavailable)
Will    .....        E - amulet of the acrobat
Stlth   +            h - +6 ring of strength
HPRegen 0.33/turn    k - ring of flight
MPRegen 0.10/turn

%: acrobat
@: lethally poisoned (0 -> -2), tree-form, hasted, very quick
A: stationary, stasis, torment immunity, boosted hp, (breathe noxious fumes), AC
+6, unfitting armour, (poison resistance), (cold-blooded)
a: Renounce Religion, Purification, Heal Other


You were on level 5 of the Dungeon.
You worshipped Elyvilon.
Elyvilon was pleased with you.
You were a tree.
You visited 2 branches of the dungeon, and saw 6 of its levels.
You also visited: Sewer.

You collected 223 gold pieces.

Inventory:

Missiles
 z - 19 poisoned darts
Armour
 t - a +1 helmet of see invisible
Magical Staves
 m - a staff of death
Jewellery
 h - a +6 ring of strength (left branch)
 k - a ring of flight (right branch)
 E - an amulet of the acrobat (around neck)
Talismans
 b - a beast talisman
 c - a flux talisman
Wands
 q - a wand of paralysis (9)
Scrolls
 e - 9 scrolls of identify {unknown}
 f - a scroll of blinking {unknown}
 i - a scroll of enchant weapon {unknown}
 j - a scroll of fear {unknown}
 l - a scroll of noise {unknown}
 p - 3 scrolls of teleportation {unknown}
 r - 2 scrolls of fog {unknown}
 y - 2 scrolls of enchant armour {unknown}
Potions
 d - a potion of cancellation {unknown}
 g - a potion of ambrosia {unknown}
 n - 2 potions of haste
 o - 3 potions of brilliance {unknown}
 s - a potion of attraction {unknown}
 u - 2 potions of curing {unknown}
 v - 2 potions of mutation {unknown}
 w - a potion of invisibility {unknown}
 x - 3 potions of magic {unknown}
 A - 2 potions of degeneration {unknown}
 B - a potion of heal wounds {unknown}
 C - a potion of might {unknown}
 D - a potion of berserk rage {unknown}


   Skills:
 + Level 1.4 Fighting
 + Level 2.4 Dodging
 * Level 6.5 Unarmed Combat
 * Level 1.2 Invocations
 + Level 4.9 Shapeshifting


You had 6 spell levels left.
You didn't know any spells.
Your spell library contained the following spells:

 Spells                   Type           Power      Damage    Failure   Level
 Summon Small Mammal      Summ           0%         N/A       36%         1
 Cigotuvi's Dreadful Rot  Necr/Pois/Air  0%         N/A       50%         2
 Call Canine Familiar     Summ           0%         N/A       75%         3
 Ignite Poison            Fire/Tmut/Pois 0%         N/A       75%         3
 Summon Guardian Golem    Hex/Summ       0%         N/A       75%         3
 Freezing Cloud           Conj/Ice/Air   0%         6-21      100%        5


Dungeon Overview and Level Annotations

Branches:
Dungeon (5/15)             Temple (1/1) D:4           Sewer (visited)

Altars:
Ashenzari
Cheibriados
Elyvilon
Fedhas
Gozag
Hepliaklqana
Kikubaaqudgha
Makhleb
Nemelex Xobeh
Okawaru
Qazlal
Sif Muna
Vehumet
Wu Jian
Xom
Yredelemnul
Zin
The Shining One

Shops:
D:2 [   D:4 ?


Innate Abilities, Weirdness & Mutations

You are a tree.
Your roots penetrate the ground, keeping you stationary.
You cannot be teleported.
You are immune to unholy pain and torment.
Your maximum health is greatly increased.
Your equipment is partially melded.
((You can breathe blasts of noxious fumes.))
((Your lurid green scales are hard. (AC +6)))
You cannot fit into any form of body armour.
((Your system is resistant to poisons. (rPois)))
((You are cold-blooded and may be slowed by cold attacks.))


Message History

You smack the ogre!
The ogre is moderately wounded.
You feel very sick.
The scorpion stings you but does no damage.
The ogre hits you with a +0 giant club.
You smack the ogre!
The ogre is severely wounded.
You feel sick. The scorpion stings you.
You barely miss the ogre.
The ogre is severely wounded.
You feel sick.
The scorpion stings you but does no damage.
The ogre hits you with a +0 giant club!
* * * LOW HITPOINT WARNING * * *
Unknown command.
You hit the ogre.
The ogre is almost dead.
You feel sick.
The scorpion stings you but does no damage. x2
You smack the ogre!
You kill the ogre!
You feel sick.
The scorpion stings you but does no damage.
You are mildly poisoned (9 -> 6).
You are a tree.
Your movement speed is average.
Your attack delay is about 0.8.
Your damage rating with unarmed combat is about 25 (Base [12 + 6 (UC)] x 137% (Str) x 102% (Fight)).
Your base attributes are Str 19, Int 10, Dex 10.
You barely miss the scorpion.
You feel sick. The scorpion stings you.
* * * LOW HITPOINT WARNING * * *
Unknown command.
You completely miss the scorpion. Your punch misses the scorpion.
You feel sick. The scorpion stings you.
* * * LOW HITPOINT WARNING * * *
You are lethally poisoned (1 -> -1).
You are a tree.
Your movement speed is average.
Your attack delay is about 0.8.
Your damage rating with unarmed combat is about 25 (Base [12 + 6 (UC)] x 137% (Str) x 102% (Fight)).
Your base attributes are Str 19, Int 10, Dex 10.
Unknown command.
It was a potion of haste.
You feel yourself speed up.
You die...

........# ....... . ......# ..
..... #.. #...# #...##...#
....'.s).# #)♣.# #...# #...#
#...# ##+##...#
##...##...##...# ##########
#.........#....# #........#
#.........#....# #........#
#.........#....# #........#
#...##...###..# ##..######
##....#...###..#######..#.<...


You could see a scorpion.

Vanquished Creatures
  2 ogres (D:5)
  A kobold brigand (Sewer)
  A hound (D:4)
  A jelly (D:5)
  2 orc wizards (D:5)
  16 adders
  4 worms
  2 dart slugs
  7 orcs
  5 bats
  5 endoplasms
  4 giant cockroaches
  3 goblins
  5 hobgoblins
  3 quokkas
  12 ball pythons
  2 frilled lizards
  14 kobolds
  13 rats
102 creatures vanquished.

Notes
Turn   | Place    | Note
-------+----------+-------------------------------------------
     0 | D:1      | monsoonserge the Draconian Shapeshifter began the quest for
                  | the Orb.
     0 | D:1      | Reached XP level 1. HP: 16/16 MP: 1/1
    75 | D:1      | Reached XP level 2. HP: 20/23 MP: 2/2
   448 | D:2      | Reached XP level 3. HP: 28/28 MP: 3/3
   775 | D:2      | Found a faded altar of an unknown god.
   852 | D:2      | Found Alubumm's Antique Armour Shoppe.
   879 | D:2      | Reached XP level 4. HP: 22/35 MP: 4/4
  1515 | D:3      | Found a white marble altar of Elyvilon.
  1530 | D:3      | Became a worshipper of Elyvilon the Healer
  1685 | D:3      | Found a glowing drain.
  1703 | D:3      | Reached skill level 4 in Unarmed Combat
  1775 | Sewer    | Entered a sewer
  1784 | Sewer    | Reached XP level 5. HP: 38/40 MP: 5/5
  1968 | Sewer    | Reached skill level 5 in Unarmed Combat
  2246 | D:3      | Reached * piety under Elyvilon
  2633 | D:4      | Reached XP level 6. HP: 46/47 MP: 6/6
  2728 | D:4      | Found Husioj's Magic Scroll Shoppe.
  2888 | D:4      | Found a blossoming altar of Fedhas.
  2929 | D:4      | Reached ** piety under Elyvilon
  3183 | D:4      | Found a staircase to the Ecumenical Temple.
  3202 | Temple   | Entered the Ecumenical Temple
  3273 | D:5      | Entered Level 5 of the Dungeon
  3306 | D:5      | Found an ancient bone altar of Kikubaaqudgha.
  3513 | D:5      | Reached skill level 6 in Unarmed Combat
  3513 | D:5      | Reached skill level 1 in Invocations
  3513 | D:5      | Your scales start taking on a lurid green colour.
  3513 | D:5      | Reached XP level 7. HP: 52/52 MP: 7/7
  3513 | D:5      | Gained mutation: Your system is resistant to poisons.
                  | (rPois) [Green Draconian growth]
  3520 | D:5      | HP: 1/78 [scorpion (6)]
  3521 | D:5      | Succumbed to a scorpion's poison

Illustrated notes

Levels and vault maps discovered:
D:1:      spicycebolla_green_bress_n_ham, layout_rooms, hangedman_decor_riveting
D:2:      layout_basic, serial_forest, infiniplex_forest_clump_small,
          infiniplex_forest_lined_2, infiniplex_forest_clump_small,
          infiniplex_forest_straight_5, infiniplex_forest_end_3,
          infiniplex_forest_clump_double, infiniplex_forest_lined_room_,
          infiniplex_forest_lined_room_, infiniplex_forest_clump_tiny,
          shapermc_ecumenical_altar_venn, serial_shops, shop
D:3:      layout_basic, elyvilon_altar_3, gup_sewer_entry_glass, minivault_4
D:4:      layout_basic, amcnicky_altar_gilded, temple_hall, serial_shops,
          nicolae_stop_n_shop_2, corexii_shack
D:5:      layout_gridville, kennysheep_little_box, minmay_misc_feat_tiny,
          dk_noncrumbling_3, amcnicky_mini_pool_small
Temple:   regret_index_temple_generic_petals

Skill      XL: |  1  2  3  4  5  6 |
---------------+-------------------+-----
Shapeshifting  | 4 |  4.9
Unarmed Combat | 4 5 6 |  6.5
Dodging        | 2 |  2.4
Invocations    | 1 |  1.2
Fighting       | |  1.4

Action                     |  1- 3 |  4- 6 |  7- 9 || total
---------------------------+-------+-------+-------++-------
  Melee: Unarmed           |    98 |   173 |     8 ||   279
         Tailslap          |     6 |    14 |       ||    20
         Punch             |     1 |       |       ||     1
    Use: Potion            |       |     1 |     1 ||     2
 Armour: Skin              |    47 |    81 |    12 ||   140
  Dodge: Dodged            |    55 |   118 |       ||   173

Table legend: (Time is in decaauts)
 A = Elapsed time spent in this place.
 B = Non-inter-level travel time spent in this place.
 C = Inter-level travel time spent in this place.
 D = Time resting spent in this place.
 E = Time spent auto-exploring this place.
 F = Levels seen in this place.
 G = Mean time per level.
                   A        B        C        D        E       F      G
               +--------+--------+--------+--------+--------+-----+--------+
         Total |   3501 |   3363 |    138 |    112 |   2033 |   7 |  500.1 |
       Dungeon |   3165 |   3027 |    138 |    112 |   1888 |   5 |  633.0 |
        Temple |      3 |      3 |      0 |      0 |      0 |   1 |    3.0 |
         Sewer |    331 |    331 |      0 |      0 |    145 |   1 |  331.0 |
               +--------+--------+--------+--------+--------+-----+--------+

Top non-repeatable levels by time:
     D:2: 1118 daAuts
     D:4: 718 daAuts
     D:3: 699 daAuts
     D:1: 386 daAuts
   Sewer: 331 daAuts
     D:5: 242 daAuts
  Temple: 3 daAuts
